 Dungeon Crawl Stone Soup version 0.21.1-1-g345015f (webtiles) character file.

248 Mirai the Sneak (level 6, 0/34 HPs)
             Began as a Kobold Enchanter on Apr 24, 2018.
             Slain by Tiareth's ghost (9 damage)
             ... on level 3 of the Dungeon.
             The game lasted 00:06:54 (2335 turns).

Mirai the Sneak (Kobold Enchanter)                  Turns: 2335, Time: 00:06:55

Health: 0/34       AC:  3    Str:  5 (7)  XL:     6   Next: 34%
Magic:  9/9        EV: 16    Int: 15 (16) God:
Gold:   114        SH:  0    Dex: 13 (16) Spells: 3/9 levels left

rFire    + . .     SeeInvis .   m - +1 dagger (venom)
rCold    + . .     Gourm    .   (shield restricted)
rNeg     + . .     Faith    .   r - +0 robe {rC+ rF+}
rPois    .         Spirit   .   (no helmet)
rElec    .         Reflect  .   u - +0 cloak
rCorr    .         Harm     .   (no gloves)
MR       .....                  (no boots)
Stlth    +++.......             (no amulet)
HPRegen  0.11/turn              z - ring of positive energy
MPRegen  0.11/turn              B - ring of wizardry

@: no status effects
A: small, carnivore
a: no special abilities


You were on level 3 of the Dungeon.
You were completely stuffed.

You visited 1 branch of the dungeon, and saw 3 of its levels.

You collected 114 gold pieces.

Inventory:

Hand Weapons
 h - a +2 dagger of holy wrath
 j - a +2 dagger of protection
 m - a +1 dagger of venom (weapon)
Armour
 a - a +0 robe of positive energy
 r - a +0 robe of resistance (worn)
 t - a +0 leather armour
 u - a +0 cloak (worn)
Jewellery
 z - a ring of positive energy (left hand)
 B - a ring of wizardry (right hand)
Scrolls
 g - 2 scrolls of enchant armour
 i - 3 scrolls of identify {unknown}
 k - 2 scrolls of teleportation {unknown}
 o - a scroll of enchant weapon {unknown}
 y - a scroll of remove curse {unknown}
 A - a scroll of magic mapping {unknown}
Potions
 e - 2 potions of degeneration
 f - 2 potions of might {unknown}
 n - 4 potions of curing {unknown}
 p - 2 potions of brilliance {unknown}
 q - a potion of berserk rage {unknown}
 v - a potion of ambrosia {unknown}
 w - a potion of haste {unknown}
 x - 2 potions of heal wounds {unknown}
Books
 c - a book of Maledictions

   Spells                             Type                      Level
   a - Corona                         Hexes                        1
   b - Ensorcelled Hibernation        Hexes/Ice                    2
   c - Confuse                        Hexes                        3
   d - Tukima's Dance                 Hexes                        3
   e - Dazzling Spray                 Conjuration/Hexes            3
Comestibles
 d - 10 rations
 s - 3 chunks of flesh


   Skills:
 + Level 1.5 Fighting
 + Level 4.1 Short Blades
 + Level 3.8 Dodging
 + Level 6.1 Stealth
 + Level 2.4 Spellcasting
 + Level 3.4 Hexes
 + Level 0.5 Ice Magic


You had 3 spell levels left.
You knew the following spells:

 Your Spells              Type           Power        Failure   Level  Hunger
a - Corona                Hex            ##.....      1%          1    #......
b - Ensorcelled Hibernat  Hex/Ice        #.....       6%          2    ###....
c - Tukima's Dance        Hex            ##......     6%          3    ###....


Dungeon Overview and Level Annotations

Branches:
Dungeon (3/15)

Altars:

Annotations:
D:3 Tiareth's ghost, amateur DEWr


Innate Abilities, Weirdness & Mutations

You are small and have problems with some larger weapons.
You are carnivorous and can eat meat at any time.


Message History

Tiareth's ghost is lightly damaged.
Tiareth's ghost hits you.
You are electrocuted!
It was a potion of agility.
You feel agile all of a sudden. Tiareth's ghost closely misses you.
Tiareth's ghost gestures at you while chanting.
You feel strangely unstable.
It was a potion of degeneration.
There was something very wrong with that liquid.
You feel weakened.
You feel dopey.
You feel clumsy.
Unknown command.
It was a potion of cancellation.
You feel strangely stable.
Your magical effects are unravelling.
You feel magically purged.
You feel a little less agile now. Tiareth's ghost hits you.
* * * LOW HITPOINT WARNING * * *
You are electrocuted!
You die...

.'...#
##...#############
#...............#
#....##########.#
#....# #.#
#.(..##########.#
##..(..........#.#
.##.#(...).....#.#
....#..........#@#
...............#W#
......##########S#
.....## #g# ..>.##
#.# ....# #.#
#.... ##########.#
...............#.#
.......(..#.#


You could see Tiareth's ghost, a goblin and a ball python.

Vanquished Creatures
  Sigmund (D:2)
  4 adders
  An ooze (D:1)
  A dart slug (D:1)
  3 giant cockroaches
  6 goblins
  4 hobgoblins
  2 jackals (D:1)
  2 ball pythons (D:2)
  7 bats
  3 frilled lizards
  10 kobolds
  10 rats
54 creatures vanquished.

Notes
Turn   | Place    | Note
-------+----------+-------------------------------------------
     0 | D:1      | Mirai the Kobold Enchanter began the quest for the Orb.
     0 | D:1      | Reached XP level 1. HP: 10/10 MP: 3/3
   486 | D:1      | Reached XP level 2. HP: 15/15 MP: 5/5
   490 | D:1      | Learned a level 2 spell: Ensorcelled Hibernation
   939 | D:1      | Reached XP level 3. HP: 18/19 MP: 6/6
  1323 | D:2      | Learned a level 3 spell: Tukima's Dance
  1335 | D:2      | Reached skill level 5 in Stealth
  1343 | D:2      | Noticed Sigmund
  1351 | D:2      | Killed Sigmund
  1351 | D:2      | Reached skill level 1 in Fighting
  1351 | D:2      | Reached skill level 6 in Stealth
  1351 | D:2      | Reached XP level 4. HP: 23/25 MP: 3/7
  1351 | D:2      | Reached XP level 5. HP: 26/29 MP: 3/8
  1351 | D:2      | Reached XP level 6. HP: 31/34 MP: 3/9
  2303 | D:3      | Noticed Tiareth's ghost (amateur DEWr)
  2335 | D:3      | Slain by Tiareth's ghost

Skill      XL: |  1  2  3  4  5  6 |
---------------+-------------------+-----
Dodging        | 3 |  3.8
Short Blades   | 3 4 |  4.1
Stealth        | 6 |  6.1
Fighting       | 1 |  1.5
Spellcasting   | |  2.4
Hexes          | |  3.4
Ice Magic      | |  0.5

Action                   |  1- 3 |  4- 6 || total
-------------------------+-------+-------++-------
Melee: Dagger            |   108 |    55 ||   163
 Cast: Corona            |     1 |       ||     1
       Ensorcelled Hiber |     2 |     4 ||     6
  Use: Scroll            |     1 |     1 ||     2
       Potion            |       |     3 ||     3
 Stab: Sleeping          |     9 |    13 ||    22
  Eat: Chunk             |     9 |     4 ||    13
Armor: Robe              |    20 |     4 ||    24
Dodge: Dodged            |    96 |    32 ||   128
